 Dungeon Crawl Stone Soup version 0.28-a0-1565-g95a8017c83 (webtiles) character file.

Game seed: 764039762032705928

21 tilp the Chiller (level 2, -3/11 HPs)
             Began as a Felid Ice Elementalist on Jan 19, 2022.
             Slain by Jessica (7 damage)
             ... on level 2 of the Dungeon.
             The game lasted 00:01:33 (1587 turns).

tilp the Chiller (Felid Ice Elementalist)           Turns: 1587, Time: 00:01:34

Health: -3/11      AC:  1    Str:  4    XL:     2   Next: 65%
Magic:  4/6        EV: 17    Int: 16    God:
Gold:   44         SH:  0    Dex: 16    Spells: 4/5 levels left
                                        Lives:  0   Deaths: 0

rFire   . . .      SeeInvis +   (weapon unavailable)
rCold   . . .      Faith    .   (shield unavailable)
rNeg    . . .      Spirit   .   (armour unavailable)
rPois   .          Reflect  .   (helmet unavailable)
rElec   .          Harm     .   (cloak unavailable)
rCorr   .          Rampage  .   (gloves unavailable)
Will    .....                   (boots unavailable)
Stlth   ++........              (no amulet)
HPRegen 0.03/turn               (no ring)
MPRegen 0.10/turn               (no ring)

@: quick
A: very small, claws 1, fangs 3, see invisible, speed 1, shaggy fur 1, stealthy
paws, no weapons or thrown items, no armour, multi-lived
a: no special abilities


You were on level 2 of the Dungeon.
You visited 1 branch of the dungeon, and saw 2 of its levels.

You collected 44 gold pieces.

Inventory:

Scrolls
 b - a scroll of holy word {unknown}
 c - a scroll of teleportation {unknown}
 d - a scroll of identify
Potions
 a - 2 potions of lignification
 f - a potion of brilliance


   Skills:
 - Level 2.6 Dodging
 - Level 2.6 Stealth
 + Level 2.3 Spellcasting
 * Level 4.1 Ice Magic


You had 4 spell levels left.
You knew the following spells:

 Your Spells              Type           Power      Damage    Failure   Level
a - Freeze                Ice            60%        1d8       3%          1

Your spell library contained the following spells:

 Spells                   Type           Power      Damage    Failure   Level
 Frozen Ramparts          Ice            30%        1d5       11%         3
 Ozocubu's Armour         Ice            15%        N/A       11%         3
 Hailstorm                Conj/Ice       8%         3d4       63%         4


Dungeon Overview and Level Annotations

Branches:
Dungeon (2/15)

Altars:
Zin

Annotations:
D:2 Jessica


Innate Abilities, Weirdness & Mutations

You have sharp claws.
You have razor-sharp teeth.
You have supernaturally acute eyesight. (SInv)
You cover ground quickly. (Speed+)
You are covered in fur. (AC +1)
Your paws help you pounce on unaware monsters.
You are incapable of wielding weapons or throwing items.
You cannot wear armour.
You gain extra lives every three experience levels.


Message History

A goblin comes into view. It is wielding a +0 club.
The goblin shouts!
You hear a shout!
You see here a potion of lignification.
Found a scroll of identify.
Casting: Freeze (safe; 3% risk of failure)
Confirm with . or Enter, or press ? or * to list all spells.
Aiming: Freeze (safe; 3% risk of failure)
Press: ? - help, Shift-Dir - straight line, f - goblin
Aim: a goblin, wielding a +0 club You freeze the goblin.
You kill the goblin!
Unknown command.
Jessica the Apprentice Sorceress comes into view.
She is wielding a +0 club.
Jessica is nearby!
You see here a potion of lignification.
You start resting.
Magic restored.
You start waiting.
Jessica is nearby!
Jessica barely misses you.
Casting: Freeze (safe; 3% risk of failure)
Confirm with . or Enter, or press ? or * to list all spells.
Aiming: Freeze (safe; 3% risk of failure)
Press: ? - help, Shift-Dir - straight line, f - Jessica
Aim: Jessica, wielding a +0 club and wearing a +0 robe You freeze Jessica.
Jessica is lightly wounded.
Jessica points at you and mumbles some strange words.
Pain shoots through your body!
Ouch! That really hurt!
* * * LOW HITPOINT WARNING * * *
Casting: Freeze (safe; 3% risk of failure)
Confirm with . or Enter, or press ? or * to list all spells.
Aiming: Freeze (safe; 3% risk of failure)
Press: ? - help, Shift-Dir - straight line, f/p - Jessica
Aim: Jessica, wielding a +0 club and wearing a +0 robe (lightly wounded)
You freeze Jessica.
Jessica is severely wounded.
Jessica hits you with a +0 club!
Ouch! That really hurt!
You die...

#.###.#.#
#####..
#.##..#.#
#..
#.......#
#..
#..#.##.#
#..
#.......#
#.#
##.#..#.#
..#
#.##.#.#
#.##.#.#
#..@...#
####@###
#!# #.#
#)#
######
#..
#....<
#...
#.....
##.#.
####.....
@#..
......._.


You could see Jessica.

Vanquished Creatures
  2 giant cockroaches (D:1)
  4 goblins
  2 hobgoblins
  2 kobolds
  2 quokkas
  3 ball pythons (D:1)
  3 bats (D:1)
  A frilled lizard (D:1)
19 creatures vanquished.

Notes
Turn   | Place    | Note
-------+----------+-------------------------------------------
     0 | D:1      | tilp the Felid Ice Elementalist began the quest for the
                  | Orb.
     0 | D:1      | Reached XP level 1. HP: 7/7 MP: 4/4
   527 | D:1      | Reached XP level 2. HP: 11/11 MP: 3/6
   614 | D:1      | Reached skill level 4 in Ice Magic
  1089 | D:2      | Found a glowing silver altar of Zin.
  1574 | D:2      | Noticed Jessica
  1587 | D:2      | Slain by Jessica

Illustrated notes

Levels and vault maps discovered:
D:1:      minmay_arrival_wavy_path, layout_basic, minivault_14,
          minmay_tetromino_t2
D:2:      minmay_diamond_boxcup, layout_loops_cross, basic_altar,
          minmay_lizard_pond, uniq_jessica

Skill      XL: |  1  2 |
---------------+-------+-----
Ice Magic      | 4 |  4.1
Dodging        | |  2.6
Stealth        | |  2.6
Spellcasting   | |  2.3

Action                   || total
-------------------------++-------
Melee: Unarmed           ||     3
 Cast: Freeze            ||    27
  Use: Scroll            ||     6
Armor: Skin              ||     3
Dodge: Dodged            ||    22

Table legend: (Time is in decaauts)
 A = Elapsed time spent in this place.
 B = Non-inter-level travel time spent in this place.
 C = Inter-level travel time spent in this place.
 D = Time resting spent in this place.
 E = Time spent auto-exploring this place.
 F = Levels seen in this place.
 G = Mean time per level.
                   A        B        C        D        E       F      G
               +--------+--------+--------+--------+--------+-----+--------+
         Total |   1468 |   1458 |     10 |    667 |    649 |   2 |  734.0 |
       Dungeon |   1468 |   1458 |     10 |    667 |    649 |   2 |  734.0 |
               +--------+--------+--------+--------+--------+-----+--------+

Top non-repeatable levels by time:
     D:1: 986 daAuts
     D:2: 482 daAuts
